 Dungeon Crawl Stone Soup version 0.18-a0-1577-gf591c28 (webtiles) character file.

103 namelastname112 the Poker (level 4, -2/37 HPs)
             Began as a Draconian Gladiator on Mar 19, 2016.
             Slain by an ice beast (5 damage)
             ... on level 3 of the Dungeon.
             The game lasted 00:01:49 (1588 turns).

namelastname112 the Poker (Draconian Gladiator)     Turns: 1588, Time: 00:01:49

Health: -2/37      AC:  8    Str: 17    XL:     4   Next: 51%
Magic:  4/4        EV: 13    Int:  8    God:
Gold:   81         SH:  0    Dex: 15    Spells: 0 memorised, 3 levels left

rFire  . . .     SeeInvis .     a - +0 trident
rCold  . . .     Gourm    +     (armour unavailable)
rNeg   . . .     Faith    .     (no shield)
rPois  .         Spirit   .     b - +0 hat
rElec  .         Dismiss  .     (no cloak)
rCorr  .         Reflect  .     e - +2 pair of gloves
SustAt .         Harm     .     (no boots)
MR     .....                    t - amulet of the gourmand
Stlth  +.........               (no ring)
                                u - +2 ring of dexterity

@: not resistant to hostile enchantments, very unstealthy
A: unfitting armour, cold-blooded, AC +5
a: no special abilities


You were on level 3 of the Dungeon.
You were not hungry.

You visited 1 branch of the dungeon, and saw 3 of its levels.

You collected 81 gold pieces.

Inventory:

Hand Weapons
 a - a +0 trident (weapon)
Missiles
 c - 3 throwing nets (quivered)
Armour
 b - a +0 hat (worn)
 e - a +2 pair of gloves (worn)
Jewellery
 t - an amulet of the gourmand (around neck)
 u - a +2 ring of dexterity (left hand)
Wands
 x - a wand of lightning (10/15)
Scrolls
 f - 2 scrolls of identify {unknown}
 g - a scroll of remove curse {unknown}
 h - a scroll of noise {unknown}
 m - a scroll of random uselessness {unknown}
 o - a scroll of immolation {unknown}
 s - a scroll of amnesia {unknown}
Potions
 j - 2 potions of curing {unknown}
 k - a potion of might {unknown}
 l - a potion of flight {unknown}
 n - 2 potions of degeneration {unknown}
 p - 2 potions of brilliance {unknown}
 q - a potion of lignification {unknown}
 r - a potion of berserk rage {unknown}
 v - a potion of cancellation {unknown}
Comestibles
 d - 2 bread rations
 i - a royal jelly
 w - a slice of pizza


   Skills:
 + Level 2.9 Fighting
 * Level 3.9 Polearms
 + Level 2.5 Throwing
 + Level 3.3 Dodging


You had 3 spell levels left.
You didn't know any spells.

Dungeon Overview and Level Annotations

Branches:
Dungeon (3/15)

Altars:
Dithmenos
Okawaru
The Shining One


Innate Abilities, Weirdness & Mutations

Your plain brown scales are hard (AC +5).
Your body does not fit into most forms of armour.
You are cold-blooded and may be slowed by cold attacks.


Message History

The ice beast hits you. The ice beast freezes you!
The goblin closely misses you.
You hit the ice beast.
The ice beast is moderately wounded.
The ice beast hits you but does no damage.
The goblin hits you with a dagger. The ice beast hits you.
The ice beast freezes you.
You feel yourself slow down.
You hit the ice beast.
You tail-slap the ice beast, but do no damage.
The ice beast is heavily wounded.
The goblin closely misses you. The ice beast hits you.
The ice beast freezes you!
* * * LOW HITPOINT WARNING * * *
The goblin barely misses you.
You are too injured to fight recklessly!
You are too injured to fight recklessly!
You are too injured to fight recklessly!
You feel yourself speed up. The ice beast hits you.
You die...

######.### .........#
.........# .........#
.........#########
.................#
..............##.#
..............##.#
..............##@#
..............##Y#
.........#######gg......
########## ........#
.......... ..........$
..........>.
.............
..............


You could see an ice beast, a hobgoblin and a goblin.

Vanquished Creatures
  Jessica (D:2)
  3 adders
  An ooze (D:1)
  A dart slug (D:1)
  8 bats
  4 giant cockroaches
  9 goblins
  3 hobgoblins
  3 kobolds
  4 giant newts (D:1)
  6 rats
43 creatures vanquished.

Notes
Turn   | Place    | Note
--------------------------------------------------------------
     0 | D:1      | namelastname112 the Draconian Gladiator began the quest for the Orb.
     0 | D:1      | Reached XP level 1. HP: 17/17 MP: 1/1
   119 | D:1      | Reached XP level 2. HP: 16/25 MP: 2/2
   584 | D:1      | Found a glowing golden altar of the Shining One.
   713 | D:1      | Reached XP level 3. HP: 30/30 MP: 3/3
   863 | D:2      | Noticed Jessica
   870 | D:2      | Killed Jessica
   870 | D:2      | Reached XP level 4. HP: 23/37 MP: 4/4
  1113 | D:2      | Found a shadowy altar of Dithmenos.
  1158 | D:2      | Found an iron altar of Okawaru.
  1575 | D:3      | Noticed an ice beast
  1588 | D:3      | Slain by an ice beast

Vault maps used:
D:1:      dpeg_arrival_another_circle, hangedman_decor_clover_reticule,
          tso_altar
D:2:      lemuel_coloured_pillars_altar, general_overflow_altar,
          minmay_door_square, uniq_jessica
D:3:      minmay_misc_feat_nine_boxes

Skill      XL: |  1  2 |
---------------+-------+-----
Throwing       | 2 |  2.5
Dodging        | 3 |  3.3
Fighting       | |  2.9
Polearms       | |  3.9

Action                   |  1- 3 |  4- 6 || total
-------------------------+-------+-------++-------
Melee: Trident           |    97 |    66 ||   163
 Stab: Sleeping          |     4 |     1 ||     5
  Eat: Chunk             |       |     2 ||     2
